 Dungeon Crawl Stone Soup version 0.31-a0-229-g1fc7ce93e2 (webtiles) character file.

Game seed: 2170384928662852982

40 qw the Shooter (level 3, -4/29 HPs)
             Began as a Minotaur Hexslinger on July 6, 2023.
             Slain by a gnoll
             ... wielding a +0 whip
              (7 damage)
             ... on level 2 of the Dungeon.
             The game lasted 00:00:21 (1089 turns).

qw the Shooter (Minotaur Hexslinger)                Turns: 1089, Time: 00:00:21

Health: -4/29      AC:  5    Str: 12    XL:     3   Next: 30%
Magic:  3/3        EV: 11    Int: 10    God:
Gold:   20         SH:  0    Dex: 14    Spells: 3/4 levels left

rFire   . . .        Y - +1 sling
rCold   . . .        (no shield)
rNeg    . . .        h - +0 ring mail
rPois   .            (helmet restricted)
rElec   .            (no cloak)
rCorr   .            (no gloves)
SInv    .            (no boots)
Will    .....        (no amulet)
Stlth   +            (no ring)
HPRegen 0.24/turn    (no ring)
MPRegen 0.08/turn

%: no passive effects
@: no status effects
A: horns 2, retaliatory headbutt
a: no special abilities


You were on level 2 of the Dungeon.
You visited 1 branch of the dungeon, and saw 2 of its levels.

You collected 20 gold pieces.


Innate Abilities, Weirdness & Mutations

You have a pair of horns on your head.
You reflexively headbutt those who attack you in melee.


   Skills:
 - Level 2.1 Fighting
 + Level 3.8 Ranged Weapons
 - Level 2.1 Dodging
 - Level 1.0 Spellcasting
 - Level 2.0 Hexes


You had 3 spell levels left.
You knew the following spells:

 Your Spells              Type           Power      Damage    Failure   Level
a - Slow                  Hex            16%        N/A       34%         1

Your spell library contained the following spells:

 Spells                   Type           Power      Damage    Failure   Level
 Inner Flame              Hex/Fire       2%         N/A       83%         3
 Portal Projectile        Hex/Tloc       4%         N/A       83%         3
 Cause Fear               Hex            2%         N/A       98%         4

Inventory:

Hand Weapons
 Y - a +1 sling (weapon)
Armour
 h - a +0 ring mail (worn)

Dungeon Overview and Level Annotations

Branches:
Dungeon (2/15)

Altars:


Message History

The hobgoblin hits you.
A gnoll comes into view. It is wielding a +0 club.
The endoplasm moves out of view.
You shoot a sling bullet. The sling bullet hits the hobgoblin.
The hobgoblin is lightly wounded.
The hobgoblin hits you.
You shoot a sling bullet.
The sling bullet completely misses the hobgoblin.
The sling bullet hits the gnoll.
The gnoll is moderately wounded.
A ball python comes into view.
The gnoll hits you from afar with a +0 halberd!
A kobold comes into view. It is wielding a +0 dagger.
The hobgoblin closely misses you.
A gnoll comes into view. It is wielding a +0 halberd.
You shoot a sling bullet. The endoplasm quivers.
The ball python hisses angrily.
The sling bullet hits the hobgoblin.
The hobgoblin is heavily wounded.
The hobgoblin closely misses you. You furiously retaliate!
You headbutt the hobgoblin.
The gnoll hits you from afar with a +0 halberd.
The hobgoblin closely misses you. You furiously retaliate!
You headbutt the hobgoblin!
You kill the hobgoblin!
You shoot a sling bullet.
The sling bullet hits the gnoll but does no damage.
You shoot a sling bullet. The sling bullet hits the gnoll.
The gnoll is heavily wounded.
The gnoll misses you.
You shoot a sling bullet.
The sling bullet closely misses the gnoll.
The sling bullet barely misses the gnoll.
The sling bullet hits the endoplasm!
You kill the endoplasm!
The gnoll barely misses you. x3
The gnoll hits you from afar with a +0 halberd!
The gnoll hits you with a +0 whip!
You die...

. #. .. . .# #
...# .#. .#
..#. #.. .. ...
.K# .# #..
#g##S##..
#.##.##.gg.....
#.....g@#
##.###.##
#.....# #####.#
###.# #...##
####.###.###.#
#.... #.....#
#.##.###.#####


You could see 4 gnolls, a ball python and a kobold.

Vanquished Creatures
  A gnoll (D:1)
  6 ball pythons (D:1)
  A bat (D:2)
  3 endoplasms
  2 giant cockroaches (D:1)
  3 goblins (D:1)
  2 hobgoblins
  3 jackals (D:1)
  A frilled lizard (D:1)
  4 kobolds (D:1)
  2 rats (D:1)
28 creatures vanquished.

Notes
Turn   | Place    | Note
-------+----------+-------------------------------------------
     0 | D:1      | qw the Minotaur Hexslinger began the quest for the Orb.
     0 | D:1      | Reached XP level 1. HP: 16/16 MP: 1/1
     0 | D:1      | 0 ||| qw: Version: 0.3-a-46-gb1f654a
     0 | D:1      | 0 ||| qw: Game counter: 1583
     0 | D:1      | 0 ||| qw: Melee chars always use a shield: true
     0 | D:1      | 0 ||| qw: God list: Okawaru
     0 | D:1      | 0 ||| qw: Allow faded altars: false
     0 | D:1      | 0 ||| qw: Do Orc after clearing Dungeon:15 true
     0 | D:1      | 0 ||| qw: Do second Lair branch before Depths: true
     0 | D:1      | 0 ||| qw: Lair rune preference: random
     0 | D:1      | 0 ||| qw: Goals: Normal
     0 | D:1      | 0 ||| PLANNING D:1-11
   130 | D:1      | Reached skill level 3 in Ranged Weapons
   130 | D:1      | Reached XP level 2. HP: 23/23 MP: 2/2
   266 | D:1      | Found a faded altar of an unknown god.
   407 | D:1      | Reached XP level 3. HP: 29/29 MP: 3/3
   978 | D:1      | 978 ||| UPGRADING to +0 ring mail.
   988 | D:1      | 988 ||| DROPPING +0 robe.
   989 | D:1      | 989 ||| READING scroll labelled CIFEAD OSTRIH.
   990 | D:1      | 990 ||| READING scroll labelled TOCEC ZIOPP.
   991 | D:1      | 991 ||| READING scroll labelled GINENL LEWUXZA.
   992 | D:1      | 992 ||| READING scroll labelled DEOTULY JIUSYE.
   993 | D:1      | 993 ||| DROPPING scroll of poison.
  1089 | D:2      | HP: 3/29 [gnoll/+0 halberd (8)]
  1089 | D:2      | Slain by a gnoll

Levels and vault maps discovered:
D:1:      dpeg_arrival_brainrot, layout_loops_ring,
          nicolae_ecumenical_lake_church, grunt_decor_mini_mirrors,
          nicolae_grassy_gnolls
D:2:      layout_loops_ring, basic_altar, hangedman_decor_clover_reticule

Skill      XL: |  1  2 |
---------------+-------+-----
Ranged Weapons | 3 |  3.8
Fighting       | 2 |  2.1
Dodging        | |  2.1
Spellcasting   | |  1.0
Hexes          | |  2.0

Action                     || total
---------------------------++-------
   Fire: Sling             ||    78
    Use: Scroll            ||     4
 Armour: Robe              ||     5
         Ring mail         ||     1
  Dodge: Dodged            ||    30

Table legend:
 A = Non-vault XP
 B = Vault XP
 C = Vault XP percentage of total XP
 D = Non-vault monster count
 E = Vault monster count
 F = Vault count percentage of total count
                 A         B        C        D         E       F
            +---------+---------+-------+---------+---------+-------
      Total |      46 |      14 |  23.3 |      27 |       1 |   3.6
            +---------+---------+-------+---------+---------+-------
        D:1 |      40 |      14 |  25.9 |      24 |       1 |   4.0
        D:2 |       6 |       0 |   0.0 |       3 |       0 |   0.0
            +---------+---------+-------+---------+---------+-------
